 Dungeon Crawl Stone Soup version 0.30-a0-137-gd8773701ce (webtiles) character file.

Game seed: 3415969122766340134

996 ytrimaz the Combatant (level 7, 0/46 (58) HPs)
             Began as a Demonspawn Gladiator on Sept 22, 2022.
             Was a Follower of Okawaru.
             Slain by a wight
             ... wielding a +2 spear of freezing
              (2 damage)
             ... on level 6 of the Dungeon.
             The game lasted 00:07:11 (7493 turns).

ytrimaz the Combatant (Demonspawn Gladiator)        Turns: 7493, Time: 00:07:12

HP:   0/46 (58)     AC:  5    Str: 16    XL:     7   Next: 99%
MP:   0/12          EV: 11    Int: 16    God:    Okawaru [*.....]
Gold: 405           SH:  0    Dex: 16    Spells: 6/6 levels left

rFire   . . .      SeeInvis .    a - +0 war axe
rCold   . . .      Faith    .    (no shield)
rNeg    . . .      Spirit   +    f - +0 ring mail
rPois   .          Reflect  .    (helmet restricted)
rElec   .          Harm     .    (no cloak)
rCorr   +          Rampage  .    (no gloves)
Will    .....                    (no boots)
Stlth   ++........               j - amulet of guardian spirit
HPRegen 0.15/turn                h - +6 ring of intelligence
MPRegen 0.26/turn                u - ring of resist corrosion

@: on berserk cooldown, studying Fighting, heavily drained
A: horns 2, thin skeletal structure 1, magic regeneration
a: Renounce Religion, Heroism


You were on level 6 of the Dungeon.
You worshipped Okawaru.
Okawaru was aware of your devotion.
You visited 1 branch of the dungeon, and saw 6 of its levels.
You also visited: Ossuary.

You collected 405 gold pieces.


Innate Abilities, Weirdness & Mutations

You have a pair of horns on your head.
You have a somewhat thin skeletal structure. (Dex +2, Stealth+)
You regenerate magic rapidly.


   Skills:
 + Level 6.2 Fighting
 - Level 2.6 Axes
 - Level 1.7 Throwing
 + Level 4.1 Armour
 - Level 2.6 Dodging
 * Level 6.9 Invocations


You had 6 spell levels left.
You didn't know any spells.
Your spell library contained the following spells:

 Spells                   Type           Power      Damage    Failure   Level
 Cigotuvi's Dreadful Rot  Necr/Pois/Air  0%         N/A       56%         2
 Ensorcelled Hibernation  Hex/Ice        0%         N/A       56%         2
 Poisonous Vapours        Pois/Air       0%         N/A       56%         2
 Gell's Gravitas          Tloc           0%         N/A       80%         3
 Spider Form              Tmut/Pois      0%         N/A       80%         3
 Stone Arrow              Conj/Erth      0%         3d7       80%         3
 Teleport Other           Tloc           0%         N/A       80%         3
 Anguish                  Hex/Necr       0%         N/A       99%         4
 Dispersal                Tloc           0%         N/A       100%        6
 Storm Form               Tmut/Air       0%         N/A       100%        7
 Lehudib's Crystal Spear  Conj/Erth      0%         10d2      100%        8
 Maxwell's Capacitive Co  Air            0%         ∞         100%        8
 Animate Armour           Summ/Erth      Unusable   N/A       N/A         4
 Summon Lightning Spire   Summ/Air       Unusable   N/A       N/A         4

Inventory:

Hand Weapons
 a - a +0 war axe (weapon)
Missiles
 d - 4 throwing nets
 e - a javelin
 n - 6 boomerangs
Armour
 f - a +0 ring mail (worn)
   (You found it on level 1 of the Dungeon)
Jewellery
 h - a +6 ring of intelligence (left hand)
   (You found it on level 2 of the Dungeon)
 j - an amulet of guardian spirit (around neck)
   (You found it on level 1 of the Dungeon)
 u - a ring of resist corrosion (right hand)
   (You found it on level 5 of the Dungeon)
Wands
 b - a wand of iceblast (17) (quivered)
   (You found it on level 2 of the Dungeon)
 m - a wand of flame (29)
   (You found it on level 3 of the Dungeon)
Scrolls
 r - a scroll of teleportation
 s - a scroll of magic mapping
 v - 2 scrolls of vulnerability
Potions
 g - 2 potions of curing
 i - 3 potions of resistance
 k - 2 potions of magic
 o - a potion of degeneration {unknown}
 q - a potion of brilliance {unknown}
 t - a potion of might {unknown}
 w - a potion of cancellation {unknown}

Dungeon Overview and Level Annotations

Branches:
Dungeon (6/15) Zot: 25802 Ossuary (visited)
 Temple: D:4-7

Altars:
Cheibriados
Dithmenos
Kikubaaqudgha
Nemelex Xobeh
Okawaru
Vehumet
Wu Jian
Yredelemnul

###########
#....@....# ...
#.##.........# ..#
#.##....z.[..##. #
#.## #.##............#
.. #..#
#.##.........####
#.##..# #.##..)......#
#.....###.###...###..#
......##..##..### ..#
#......)..## #...


You could see a wight.


Message History

😕 HP[-6] MP[-1]
You take 6 damage, and now have 58/76 hp.
You lost 1 mp, and now have 9/12 mp.
You closely miss something. Something hits you.
The wight hits you from afar with a +2 spear of freezing!
You feel drained. The wight freezes you. 😮 HP[-13] MP[-1]
You now have 73 max hp (-3).
You take 13 damage, and now have 45/73 hp.
You lost 1 mp, and now have 8/12 mp.
You hit something. Your headbutt misses something. Your punch misses something.
Something hits you.
The wight hits you from afar with a +2 spear of freezing!
* * * LOW HITPOINT WARNING * * *
The wight freezes you.
* * * LOW HITPOINT WARNING * * *
😨 HP[-13] MP[-2]
You take 13 damage, and now have 32/73 hp.
You lost 2 mp, and now have 6/12 mp.
Unknown command.
You barely miss something. Something hits you but does no damage.
The wight hits you from afar with a +2 spear of freezing.
* * * LOW HITPOINT WARNING * * *
The wight freezes you.
* * * LOW HITPOINT WARNING * * *
😨 HP[-4]
You take 4 damage, and now have 28/73 hp.
You slash something!
You hear some strange, mumbled words.
A magic dart appears from out of thin air!
The magic dart hits you.
* * * LOW HITPOINT WARNING * * *
The wight closely misses you. 😨 HP[-2] MP[-1]
You take 2 damage, and now have 26/73 hp.
You lost 1 mp, and now have 5/12 mp.
Unknown command.
You slash something! Okawaru accepts your kill.
Reactivating autopickup.
You feel a bit more experienced.
You are no longer berserk.
You are exhausted.
You feel yourself slow down.
The wight hits you but does no damage. 😨 HP[-9]
You now have 50 max hp (-23).
You hit the orc. The orc hits you but does no damage.
The wight hits you but does no damage. The orc hits you with a +0 hand axe.
* * * LOW HITPOINT WARNING * * *
The wight hits you from afar with a +2 spear of freezing!
* * * LOW HITPOINT WARNING * * *
The wight freezes you.
* * * LOW HITPOINT WARNING * * *
😱 HP[-9] MP[-3]
You take 9 damage, and now have 8/50 hp.
You lost 3 mp, and now have 2/12 mp.
Unknown command.
You hit the orc.
You kill the orc!
Okawaru accepts your kill.
The wight hits you from afar with a +2 spear of freezing.
* * * LOW HITPOINT WARNING * * *
You feel drained. The wight freezes you.
The wight hits you from afar with a +2 spear of freezing.
* * * LOW HITPOINT WARNING * * *
You feel drained. The wight freezes you.
* * * LOW HITPOINT WARNING * * *
😱 HP[-3] MP[-1]
You now have 48 max hp (-2).
You take 3 damage, and now have 5/48 hp.
You lost 1 mp, and now have 1/12 mp.
Blink to where?
Press: ? - help, Dir - move target
As you read the scroll of blinking, it crumbles to dust. 😱 MP[+1] 😱 HP[+1] 😱 MP[+1]
Things that are here:
a +0 club; a +0 dagger 😱 HP[+1] MP[+1] 😱 MP[+1]
You see here a +0 club. 😱 HP[+1]
The wight closely misses you. 😱 MP[+1]
The wight hits you but does no damage. 😱 MP[+1]
You feel yourself speed up.
There is a stone staircase leading up here. 😱 HP[+1]
The wight hits you from afar with a +2 spear of freezing!
* * * LOW HITPOINT WARNING * * *
You feel drained.
* * * LOW HITPOINT WARNING * * *
The wight freezes you.
You die...

Skill      XL: |  1  2  3  4  5  6  7 |
---------------+----------------------+-----
Armour         | 1 2 3 4 |  4.1
Fighting       | 3 4 5 6 |  6.2
Invocations    | 2 4 6 |  6.9
Axes           | |  2.6
Throwing       | |  1.7
Dodging        | |  2.6

Action                   |  1- 3 |  4- 6 |  7- 9 || total
-------------------------+-------+-------+-------++-------
Melee: War axe           |    79 |   173 |   121 ||   373
       Headbutt          |     7 |    31 |    29 ||    67
       Punch             |     1 |     1 |     1 ||     3
Evoke: Wand              |       |     2 |       ||     2
  Use: Scroll            |     5 |     6 |     5 ||    16
       Potion            |     1 |       |     3 ||     4
 Stab: Sleeping          |       |       |     4 ||     4
Armor: Leather armour    |     7 |       |       ||     7
       Ring mail         |    54 |    81 |    42 ||   177
Dodge: Dodged            |    73 |    93 |    91 ||   257

Levels and vault maps discovered:
D:1:      minmay_arrival_shoal_huts, layout_rooms,
          shapermc_ecumenical_altar_totnotflames
D:2:      layout_rooms, minmay_misc_feat_alley, minmay_misc_feat_hallway,
          serial_bayou_ford_a, kennysheep_generic_room_3, uniq_robin
D:3:      layout_rooms, dreamdust_divine_triumvirate, mainiacjoe_overflow_paths,
          okawaru_altar_gauntlet_db, lemuel_round_altar
D:4:      layout_basic, old_standard_altar, mainiacjoe_overflow_tiny_flanked,
          nicolae_dithmenos_through_a_glass_darkly
D:5:      layout_basic, nicolae_wu_jian_wuxing_cycle, kennysheep_little_box,
          lightli_ossuary_entry_decrepit_ruins, kennysheep_decorative_pillar
D:6:      layout_rooms, marbit_many_paths, chequers_serial_rivers_micro_c

Notes
Turn   | Place    | Note
-------+----------+-------------------------------------------
     0 | D:1      | ytrimaz the Demonspawn Gladiator began the quest for the
                  | Orb.
     0 | D:1      | Reached XP level 1. HP: 16/16 MP: 1/1
     0 | D:1      | magus.rc [v1.9.6]
   120 | D:1      | You add the spells Gell's Gravitas, Teleport Other and
                  | Dispersal to your library.
   160 | D:1      | Gained mutation: You have a pair of small horns on your
                  | head. [demonic ancestry]
   160 | D:1      | Reached XP level 2. HP: 12/23 MP: 2/2
   427 | D:1      | Reached skill level 1 in Armour
   605 | D:1      | You pick up a book of the Sky and begin reading...
   605 | D:1      | You add the spells Summon Lightning Spire, Storm Form and
                  | Maxwell's Capacitive Coupling to your library.
   796 | D:1      | Found a faded altar of an unknown god.
   853 | D:2      | Noticed Robin
   856 | D:2      | Reached skill level 3 in Fighting
   864 | D:1      | Reached XP level 3. HP: 25/29 MP: 3/3
  1043 | D:2      | Killed Robin
  1515 | D:2      | Gained mutation: You regenerate magic rapidly. [demonic
                  | ancestry]
  1515 | D:2      | Reached XP level 4. HP: 35/37 MP: 2/4
  2042 | D:3      | Reached skill level 4 in Fighting
  2247 | D:3      | Reached skill level 2 in Armour
  2434 | D:3      | Found a basalt altar of Yredelemnul.
  2583 | D:3      | Found an ancient bone altar of Kikubaaqudgha.
  2785 | D:3      | Found an iron altar of Okawaru.
  2799 | D:3      | Gained mutation: You have a pair of horns on your head.
                  | [demonic ancestry]
  2799 | D:3      | Reached XP level 5. HP: 33/43 MP: 5/5
  2805 | D:3      | Became a worshipper of Warmaster Okawaru
  3014 | D:4      | Found a radiant altar of Vehumet.
  3185 | D:4      | Noticed a phantom
  3195 | D:4      | Reached skill level 1 in Invocations
  3204 | D:4      | Killed a phantom
  3205 | D:4      | Reached skill level 2 in Invocations
  3205 | D:4      | Reached XP level 6. HP: 19/50 MP: 5/8
  3597 | D:4      | You pick up a book of Vapours and begin reading...
  3597 | D:4      | You add the spells Poisonous Vapours and Cigotuvi's
                  | Dreadful Rot to your library.
  3634 | D:4      | Reached skill level 5 in Fighting
  3634 | D:4      | Reached skill level 3 in Invocations
  3800 | D:4      | Found a shadowy altar of Dithmenos.
  3861 | D:4      | Found a sparkling altar of Nemelex Xobeh.
  4236 | D:5      | Entered Level 5 of the Dungeon
  4241 | D:5      | Found a sand-covered staircase.
  4275 | D:5      | Reached skill level 3 in Armour
  4275 | D:5      | Reached skill level 4 in Invocations
  4288 | Ossuary  | Entered an ossuary
  4775 | Ossuary  | Reached * piety under Okawaru
  4776 | Ossuary  | Gained mutation: You have a somewhat thin skeletal
                  | structure. (Dex +2, Stealth+) [demonic ancestry]
  4776 | Ossuary  | Reached XP level 7. HP: 37/56 MP: 10/10
  4907 | Ossuary  | Reached skill level 5 in Invocations
  5300 | D:5      | Reached skill level 6 in Invocations
  5477 | D:5      | You pick up a book of Armaments and begin reading...
  5477 | D:5      | You add the spells Stone Arrow and Lehudib's Crystal Spear
                  | to your library.
  5496 | D:5      | Found an ornate altar of the Wu Jian Council.
  5626 | D:5      | Identified a scroll of acquirement
  5626 | D:5      | Acquired a manual of Fighting
  5850 | D:5      | You pick up a book of Dreams and begin reading...
  5850 | D:5      | You add the spells Ensorcelled Hibernation, Spider Form and
                  | Anguish to your library.
  6068 | D:5      | Found a snail-covered altar of Cheibriados.
  6336 | D:6      | HP: 12/55 [white imp/puff of frost (9)]
  6342 | D:6      | HP: 9/55 [white imp/puff of frost (4)]
  6785 | D:6      | HP: 12/53 [something/magic dart (4)]
  6795 | D:6      | HP: 3/53 [something/puff of flame (5)]
  7198 | D:5      | Reached skill level 6 in Fighting
  7198 | D:5      | Reached skill level 4 in Armour
  7476 | D:6      | HP: 10/50 [wight/+2 spear of freezing (6)]
  7493 | D:6      | HP: 4/48 [wight/+2 spear of freezing (5)]
  7493 | D:6      | Slain by a wight

Vanquished Creatures
  A centaur (D:5)
  2 phantoms (D:4)
  2 elf zombies (Ossuary)
  2 wights
  2 centaur zombies (Ossuary)
  2 human zombies (Ossuary)
  A hound (D:4)
  2 iguanas (D:5)
  2 orc wizards (D:6)
  2 mummies (Ossuary)
  Robin (D:2)
  3 gnolls (D:3)
  6 adders
  A shadow imp (D:5)
  A white imp (D:6)
  An adder zombie (Ossuary)
  4 worms
  2 dart slugs
  13 orcs
  3 bats
  7 endoplasms
  6 giant cockroaches
  7 hobgoblins
  3 quokkas
  3 ball pythons
  2 frilled lizards
  13 goblins
  A goblin zombie (Ossuary)
  12 hobgoblin zombies (Ossuary)
  2 jackal zombies (Ossuary)
  9 kobolds
  7 kobold zombies (Ossuary)
  7 orc zombies (Ossuary)
  7 rats
  A rat zombie (Ossuary)
140 creatures vanquished.

Vanquished Creatures (others)
  A goblin (D:2)
  10 plants (D:2)
11 creatures vanquished.

Grand Total: 151 creatures vanquished

Table legend:
 A = Non-vault XP
 B = Vault XP
 C = Vault XP percentage of total XP
 D = Non-vault monster count
 E = Vault monster count
 F = Vault count percentage of total count
                 A         B        C        D         E       F
            +---------+---------+-------+---------+---------+-------
      Total |     905 |     518 |  36.4 |      85 |      55 |  39.3
            +---------+---------+-------+---------+---------+-------
        D:1 |      30 |      12 |  28.6 |      18 |       6 |  25.0
        D:2 |      60 |      21 |  25.9 |      17 |       4 |  19.0
        D:3 |      52 |      48 |  48.0 |      15 |       6 |  28.6
        D:4 |     289 |       0 |   0.0 |      15 |       0 |   0.0
        D:5 |     282 |       0 |   0.0 |       9 |       0 |   0.0
        D:6 |     192 |       0 |   0.0 |      11 |       0 |   0.0
    Ossuary |       0 |     437 | 100.0 |       0 |      39 | 100.0
            +---------+---------+-------+---------+---------+-------

Illustrated notes

Table legend:
 A = Kills in this place as a percentage of kills in entire the game.
 B = Kills by you in this place as a percentage of kills by you in the entire game.
 C = Kills by friends in this place as a percentage of kills by friends in the entire game.
 D = Other kills in this place as a percentage of other kills in the entire game.
 E = Experience gained in this place as a percentage of experience gained in the entire game.
 F = Experience gained in this place divided by the number of levels of this place that you have seen.
                   A       B       C       D       E      F
               +-------+-------+-------+-------+-------+----------------------
         Total | 100.0 | 100.0 |   N/A |   N/A | 100.0 | 203.3
       Dungeon |  72.1 |  72.1 |   N/A |   N/A |  69.3 | 164.3
       Ossuary |  27.9 |  27.9 |   N/A |   N/A |  30.7 | 437.0
               +-------+-------+-------+-------+-------+----------------------

Table legend: (Time is in decaauts)
 A = Elapsed time spent in this place.
 B = Non-inter-level travel time spent in this place.
 C = Inter-level travel time spent in this place.
 D = Time resting spent in this place.
 E = Time spent auto-exploring this place.
 F = Levels seen in this place.
 G = Mean time per level.
                   A        B        C        D        E       F      G
               +--------+--------+--------+--------+--------+-----+--------+
         Total |   7631 |   7425 |    206 |    982 |   5291 |   7 | 1090.1 |
       Dungeon |   6634 |   6428 |    206 |    982 |   4518 |   6 | 1105.7 |
       Ossuary |    996 |    996 |      0 |      0 |    773 |   1 |  996.0 |
               +--------+--------+--------+--------+--------+-----+--------+

Top non-repeatable levels by time:
     D:5: 2121 daAuts
     D:4: 1284 daAuts
     D:1: 1045 daAuts
     D:2: 1039 daAuts
 Ossuary: 996 daAuts
     D:3: 945 daAuts
     D:6: 198 daAuts
